 Dungeon Sprint DCSS version 0.21.2 (webtiles) character file.

417 Fang the Fighter (level 6, 0/48 HPs)
             Began as a Gargoyle Berserker on Dec 21, 2018.
             Was a High Priest of Trog.
             Slain by a gnoll
             ... wielding a +0 vampiric spear
              (1 damage)
             ... in the Dungeon (Sprint VII: "The Pits").
             The game lasted 00:00:50 (420 turns).

Fang the Fighter (Gargoyle Berserker)                Turns: 420, Time: 00:00:51

Health: 0/48       AC: 17    Str: 23    XL:     6   Next: 92%
Magic:  6/6        EV: 10    Int:  7    God:    Trog [*****.]
Gold:   0          SH:  0    Dex:  9    Spells: 5/5 levels left

rFire    . . .     SeeInvis .   m - +1 hand axe (freeze)
rCold    . . .     Gourm    .   (no shield)
rNeg     + . .     Faith    .   n - +3 chain mail
rPois    ∞         Spirit   .   (no helmet)
rElec    +         Reflect  .   (no cloak)
rCorr    .         Harm     .   (no gloves)
MR       .....     NoTele   +   (no boots)
Stlth    ..........             (no amulet)
HPRegen  0.16/turn              (no ring)
MPRegen  0.10/turn              (no ring)

@: berserk cooldown, slowed, very slow
A: negative energy resistance 1, electricity resistance, unbreathing,
petrification resistance, rot immunity, AC +4
a: Berserk, Trog's Hand, Brothers in Arms, Burn Spellbooks, Renounce Religion


You were in the Dungeon.
You worshipped Trog.
Trog was extremely pleased with you.
You were not hungry.

You visited 1 branch

Inventory:

Hand Weapons
 j - a +2 hand axe
 m - a +1 hand axe of freezing (weapon)
Armour
 b - a +0 animal skin
 n - a +3 chain mail (worn)
Scrolls
 i - a scroll of blinking
 k - 3 scrolls of remove curse
 l - a scroll of summoning
Potions
 a - 2 potions of invisibility
 d - 6 potions of curing
 e - 6 potions of heal wounds
 f - a potion of haste
 g - 4 potions of magic
 h - 3 potions of berserk rage
Comestibles
 c - 9 rations


   Skills:
 + Level 9.6 Fighting
 + Level 9.1 Axes
 + Level 5.1 Armour
 + Level 4.7 Dodging


You had 5 spell levels left.
You didn't know any spells.

Dungeon Overview and Level Annotations

Branches:
Dungeon (1/1)

Altars:
Gozag
Hepliaklqana
Sif Muna
Trog
Jiyva

Annotations:
D Menkaure


Innate Abilities, Weirdness & Mutations

You are resistant to torment.
Your stone body is resilient. (AC +4)
You are immune to poison.
You resist negative energy. (rN+)
You are resistant to electric shocks. (rElec)
You can survive without breathing.
You are immune to petrification.
You are immune to rotting.


Message History

Unknown command.
You are no longer berserk.
You are exhausted.
You feel yourself slow down. The gnoll hits you but does no damage.
The gnoll closely misses you. The gnoll hits you but does no damage.
Menkaure hits you.
Unknown command.
You hit Menkaure but do no damage. You hit the gnoll. You freeze the gnoll.
You kill the gnoll!
Trog accepts your kill.
You hit the gnoll. You freeze the gnoll.
Menkaure shouts, "The sands of time shall wipe you from history!"
Menkaure gestures at you while chanting.
Pain shoots through your body!
The gnoll hits you from afar with a vampiric spear.
The gnoll hits you but does no damage. Menkaure barely misses you.
The gnoll barely misses you. Menkaure hits you!
* * * LOW HITPOINT WARNING * * *
The gnoll hits you from afar with a vampiric spear.
You die...

#.#..#.÷#[.##.....
#.#.†'..#))#####'#
#.#..####).##.....
#.#..#..#))##.....
#.#..#..#..##.....
#.##'#..#'###...<.
#.#..†.....##.....
#.#........##.....
#@###########.....
#gMg....# ######
#.).....#
#...#...# #.g##
..# #... .# #....
# #.... ######


You could see a gnoll sergeant, Menkaure and 2 gnolls.

Vanquished Creatures
  A floating eye (D)
  A black bear (D)
  A necrophage (D)
  A wolf (D)
  A bullfrog (D)
  A crimson imp (D)
  3 gnolls (D)
  An adder (D)
  2 river rats (D)
  2 leopard geckos (D)
  2 ball pythons (D)
  A rat (D)
17 creatures vanquished.

Notes
Turn   | Place    | Note
-------+----------+-------------------------------------------
     0 | D        | Fang the Gargoyle Berserker began the quest for the Orb.
     0 | D        | Reached XP level 1. HP: 14/14 MP: 1/1
    20 | D        | Reached XP level 2. HP: 16/20 MP: 2/2
    62 | D        | Reached ** piety under Trog
    62 | D        | Reached skill level 5 in Fighting
    62 | D        | Reached XP level 3. HP: 12/26 MP: 3/3
   275 | D        | Noticed a floating eye
   277 | D        | Paralysed by a floating eye for 2 turns
   280 | D        | Killed a floating eye
   280 | D        | Reached XP level 4. HP: 34/34 MP: 4/4
   280 | D        | Reached XP level 5. HP: 38/38 MP: 5/5
   291 | D        | Reached *** piety under Trog
   379 | D        | Found a bloodstained altar of Trog.
   379 | D        | Found a deep blue altar of Sif Muna.
   379 | D        | Found a viscous altar of Jiyva.
   379 | D        | Found a hazy altar of Hepliaklqana.
   379 | D        | Found an opulent altar of Gozag.
   399 | D        | Noticed a black bear
   400 | D        | Noticed a necrophage
   400 | D        | Noticed Menkaure
   400 | D        | Noticed a wolf
   407 | D        | Killed a black bear
   407 | D        | Reached **** piety under Trog
   407 | D        | Reached XP level 6. HP: 43/45 MP: 6/6
   417 | D        | Killed a necrophage
   417 | D        | Reached ***** piety under Trog
   417 | D        | Received a gift from Trog
   417 | D        | Reached skill level 5 in Armour
   420 | D        | HP: 1/48 [Menkaure (16)]
   420 | D        | Slain by a gnoll

Skill      XL: |  1  2  3  4  5  6 |
---------------+-------------------+-----
Fighting       | 4 5 7 8 9 |  9.6
Axes           | 3 4 6 7 9 |  9.1
Dodging        | 2 3 4 |  4.7
Armour         | 3 4 5 |  5.1

Action                   |  1- 3 |  4- 6 || total
-------------------------+-------+-------++-------
Melee: Hand axe          |    16 |    34 ||    50
Invok: Berserk           |     1 |     1 ||     2
Armor: Animal skin       |     4 |     6 ||    10
       Chain mail        |       |    24 ||    24
Dodge: Dodged            |    10 |    32 ||    42
